 Dungeon Crawl Stone Soup version 0.30-a0-847-g17996783a1 (webtiles) character file.

Game seed: 5367615248416752635

2 qeuew the Shooter (level 1, 18/18 HPs)
             Began as a Hill Orc Hunter on Mar 3, 2023.
             Quit the game on level 1 of the Dungeon.
             The game lasted 00:00:11 (56 turns).

qeuew the Shooter (Hill Orc Hunter)                   Turns: 56, Time: 00:00:12

Health: 18/18      AC:  3    Str: 13    XL:     1   Next: 40%
Magic:  1/1        EV: 11    Int:  9    God:
Gold:   25         SH:  0    Dex: 14    Spells: 0/0 levels left

rFire   . . .      SeeInvis .    a - +0 shortbow
rCold   . . .      Faith    .    (shield currently unavailable)
rNeg    . . .      Spirit   .    c - +0 leather armour
rPois   .          Reflect  .    (no helmet)
rElec   .          Rampage  .    (no cloak)
rCorr   .                        (no gloves)
Will    .....                    (no boots)
Stlth   +                        (no amulet)
HPRegen 0.23/turn                (no ring)
MPRegen 0.07/turn                (no ring)

@: no status effects
A: no striking features
a: no special abilities


You were on level 1 of the Dungeon.
You visited 1 branch of the dungeon, and saw 1 of its levels.

You collected 25 gold pieces.

Inventory:

Hand Weapons
 a - a +0 shortbow (weapon)
Armour
 c - a +0 leather armour (worn)
Scrolls
 b - a scroll of immolation
 d - a scroll of identify {unknown}
 e - a scroll of noise {unknown}
Potions
 f - a potion of degeneration {unknown}


   Skills:
 + Level 2.5 Fighting
 + Level 3.6 Ranged Weapons
 + Level 0.0 Armour
 + Level 1.6 Dodging
 - Level 0.8 Stealth


You couldn't memorise any spells.
You didn't know any spells.
Your spell library was empty.

Dungeon Overview and Level Annotations

Branches:
Dungeon (1/15)

Altars:


Message History

Press ? for a list of commands and other information.
Found a scroll labelled UGORHA DUOT and 16 gold pieces.
Found a staircase leading out of the dungeon.
Okay, then.
You now have 6 gold pieces.
You now have 16 gold pieces (gained 10).
d - a scroll labelled UGORHA DUOT A goblin comes into view.
It is wielding a +0 club.
A goblin is nearby!
You shoot an arrow. The arrow hits the goblin.
The goblin is severely wounded.
A goblin is nearby!
You shoot an arrow. The arrow hits the goblin.
You kill the goblin!
As you open the door, it creaks loudly!
No target in view!
There is an open door here.
e - a scroll labelled KISYCU REIMOAZ No target in view!
f - a dark potion No target in view!
You now have 25 gold pieces (gained 9).
Found a stone staircase leading down.
No target in view!
A kobold and a rat come into view.
You shoot an arrow. The arrow hits the rat.
You kill the rat!
The kobold shouts!
A kobold is nearby!
You shoot an arrow. The arrow barely misses the kobold.
A bat comes into view.
Found a scroll labelled PUQIAS RECUHI.
You shoot an arrow. The arrow hits the kobold!
You kill the kobold!
The bat closely misses you.
A bat is nearby!
You shoot an arrow.
The arrow hits the bat but does no damage.
The bat hits you but does no damage. x2; The bat barely misses you.
Are you sure you want to abandon this character and quit the game? (Confirm with "yes".)

##.......##........#
##.....###........#
####### #..########
...##..........
#..............
>.##...........
##.#........
#.#.####### #.#@#
#....b.?.#
#....###.... ......
.).... ..##. ..... #
.. †.... #. .... #.
?...


You could see a bat.

Vanquished Creatures
  A goblin (D:1)
  A kobold (D:1)
  A rat (D:1)
3 creatures vanquished.

Notes
Turn   | Place    | Note
-------+----------+-------------------------------------------
     0 | D:1      | qeuew the Hill Orc Hunter began the quest for the Orb.
     0 | D:1      | Reached XP level 1. HP: 18/18 MP: 1/1
    56 | D:1      | Quit the game

Illustrated notes

Levels and vault maps discovered:
D:1:      lemuel_arrival_rhombus, layout_rooms

Action                     || total
---------------------------++-------
   Fire: Shortbow          ||     6
 Armour: Leather armour    ||     2
  Dodge: Dodged            ||     2

Table legend: (Time is in decaauts)
 A = Elapsed time spent in this place.
 B = Non-inter-level travel time spent in this place.
 C = Inter-level travel time spent in this place.
 D = Time resting spent in this place.
 E = Time spent auto-exploring this place.
 F = Levels seen in this place.
 G = Mean time per level.
                   A        B        C        D        E       F      G
               +--------+--------+--------+--------+--------+-----+--------+
         Total |     58 |     58 |      0 |      0 |     42 |   1 |   58.0 |
       Dungeon |     58 |     58 |      0 |      0 |     42 |   1 |   58.0 |
               +--------+--------+--------+--------+--------+-----+--------+

Top non-repeatable levels by time:
     D:1: 58 daAuts
